 Dungeon Crawl Stone Soup version 0.27-a0-808-g60bc5d92e6 (webtiles) character file.

Game seed: 16993044119709066321

12513 polve the Carver (level 11, -2/91 HPs)
             Began as a Demonspawn Abyssal Knight on Mar 28, 2021.
             Was a High Priest of Lugonu.
             Slain by a wyvern (12 damage)
             ... on level 3 of the Lair of Beasts.
             The game lasted 00:17:48 (15865 turns).

polve the Carver (Demonspawn Abyssal Knight)       Turns: 15865, Time: 00:17:49

Health: -2/91      AC: 13    Str: 17    XL:     11   Next: 63%
Magic:  0/17       EV:  7    Int: 20    God:    Lugonu [*****.]
Gold:   712        SH:  0    Dex: 16    Spells: 10/10 levels left

rFire    . . .     SeeInvis .   q - +5 long sword of Taxation {flame, Str+4 Int+4}
rCold    + . .     Faith    .   (no shield)
rNeg     . . .     Spirit   +   y - +0 plate armour
rPois    +         Reflect  .   s - +0 helmet
rElec    .         Harm     .   b - scarf {+Inv}
rCorr    .         Rampage  .   (no gloves)
Will     +....     Clarity  +   (no boots)
Stlth    ..........             x - amulet of guardian spirit
HPRegen  0.25/turn              c - ring "Koachent" {Wiz Will+ Dex+3}
MPRegen  0.15/turn              e - ring of poison resistance

@: mighty
A: talons 2, demonic guardian 2, powered by death 3, clarity, cold resistance 1
a: Renounce Religion, Evoke Invisibility, Depart the Abyss, Bend Space, Banish,
Corrupt, Enter the Abyss


You were on level 3 of the Lair of Beasts.
You worshipped Lugonu.
Lugonu was extremely pleased with you.
You visited 2 branches of the dungeon, and saw 12 of its levels.
You visited the Abyss 1 time.
You also visited: Sewer.

You collected 712 gold pieces.

Inventory:

Hand Weapons
 j - a +0 vorpal demon blade
 q - the +5 long sword of Taxation (weapon) {flame, Str+4 Int+4}
   (You found it on level 6 of the Dungeon)

   It has been specially enchanted to burn those struck by it, causing extra
   injury to most foes and up to half again as much damage against particularly
   susceptible opponents.
   Big, fiery blades are also staple armaments of hydra-hunters.
   It affects your strength (+4).
   It affects your intelligence (+4).
Armour
 b - a scarf of invisibility (worn)
 s - a +0 helmet (worn)
 t - the +0 ring mail of Yzixukhlo {rElec rF++}
   (You took it off an orc on level 6 of the Dungeon)

   It greatly protects you from fire.
   It insulates you from electricity.
 y - a +0 plate armour (worn)
Jewellery
 c - the ring "Koachent" (left hand) {Wiz Will+ Dex+3}
   (You found it on level 5 of the Dungeon)

   [ring of wizardry]

   It improves your spell success rate.
   It affects your dexterity (+3).
   It affects your willpower, your defense against some magical effects.
 e - a ring of poison resistance (right hand)
 v - a ring of wizardry
 x - an amulet of guardian spirit (around neck)
Wands
 m - a wand of acid (10)
 p - a wand of random effects (13)
 w - a wand of digging (3)
Scrolls
 d - 3 scrolls of torment
 f - a scroll of noise {unknown}
 g - 4 scrolls of enchant armour
 h - 8 scrolls of teleportation
 i - 3 scrolls of immolation
 l - a scroll of holy word {unknown}
 o - 3 scrolls of magic mapping
 r - 5 scrolls of identify
Potions
 k - 3 potions of brilliance
 n - 3 potions of flight
 u - a potion of lignification


   Skills:
 - Level 10.2 Fighting
 + Level 10.8 Long Blades
 - Level 5.3 Armour
 - Level 5.1 Dodging
 - Level 5.0 Stealth
 - Level 8.0 Invocations


You had 10 spell levels left.
You didn't know any spells.
Your spell library contained the following spells:

 Spells                   Type           Power      Damage    Failure   Level
 Animate Skeleton         Necr           0%         N/A       95%         1
 Pain                     Necr           0%         1d4       95%         1
 Vampiric Draining        Necr           0%         2d6       100%        3
 Animate Dead             Necr           0%         N/A       100%        4
 Agony                    Necr           0%         N/A       100%        5


Dungeon Overview and Level Annotations

Branches:
Dungeon (9/15)             Temple (0/1) D:7            Lair (3/6) D:8
  Sewer (visited)
  Swamp: Lair:2-4    Shoals: Lair:2-4     Snake: Lair:2-4    Spider: Lair:2-4
    Orc: D:9-12

Altars:
Ashenzari
Cheibriados
Dithmenos
Elyvilon
Gozag
Kikubaaqudgha
Nemelex Xobeh
Uskayaw
Wu Jian
Xom
Yredelemnul

Shops:
D:2 :


Innate Abilities, Weirdness & Mutations

You have razor-sharp toenails.
A demonic guardian rushes to your aid.
You regenerate a lot of health from kills.
You possess an exceptional clarity of mind.
Your flesh is cold resistant. (rC+)


Message History

You claw the boulder beetle.
The boulder beetle is heavily wounded.
The boulder beetle bites you!
You hit the boulder beetle but do no damage.
You claw the boulder beetle!
The boulder beetle is heavily wounded.
The boulder beetle completely misses you.
You hit the boulder beetle but do no damage.
You claw the boulder beetle, but do no damage.
The boulder beetle is heavily wounded.
The boulder beetle bites you!
You hit the boulder beetle but do no damage.
You claw the boulder beetle, but do no damage.
The boulder beetle is heavily wounded.
The boulder beetle bites you!
You hit the boulder beetle but do no damage.
You claw the boulder beetle.
The boulder beetle is heavily wounded.
The boulder beetle leaps!
There are no items here.
The boulder beetle curls into a ball and begins rolling!
The boulder beetle hits you!!!
* * * LOW HITPOINT WARNING * * *
A demonic guardian appears!
The boulder beetle stops rolling and uncurls.
You hear an angry hiss.
Your smoke demon hits the boulder beetle but does no damage.
Your smoke demon hits the boulder beetle.
Your smoke demon hits the boulder beetle but does no damage.
Space bends around you!
You blink.
A wyvern comes into view.
The wyvern hisses angrily.
Found 13 gold pieces.
You feel very mighty all of a sudden.
Your smoke demon gestures at the boulder beetle.
The boulder beetle is smitten.
You slice the wyvern!! You burn the wyvern.
The wyvern is severely wounded.
The wyvern bites you!
You die...

.##.. .......
$...P.. #...#P.##
....##.P## #
#..##....## #
..##.##..##P..#.#..#
.......l.###..†...#
#@.##...#...#
##.B.3#.#...#
##.....#l..#
##...##.B.# ##..###
...# #.#.# .†.#
##..# ...# #..## ..
###...## ...


You could see a boulder beetle (ally target), a wyvern and a friendly smoke
demon (summoned).

Vanquished Creatures
  A hydra (Lair:1)
  A necromancer (Lair:2)
  2 black mambas
  A cane toad (Lair:2)
  A komodo dragon (Lair:2)
  A polar bear (Lair:1)
  A hornet (D:8)
  19 yaks
  2 basilisks
  2 wyverns (D:8)
  10 water moccasins
  An orc warrior (D:7)
  A black bear (D:7)
  An ice beast (D:7)
  A necrophage (D:4)
  6 wolves (Lair:1)
  A centaur (D:8)
  2 phantoms (D:4)
  A kobold brigand (Sewer)
  Blork the orc (D:5)
  7 bullfrogs
  A wyvern zombie (D:7)
  A wyvern skeleton (D:7)
  A scorpion (D:7)
  2 vampire bats (D:3)
  A centaur zombie (D:9)
  4 hounds
  A jelly (D:6)
  4 orc priests
  A bullfrog skeleton (D:4)
  3 centaur skeletons
  A gnoll shaman (D:6)
  2 iguanas
  6 orc wizards
  5 polar bear simulacra (Lair:2)
  3 yak simulacra (Lair:2)
  3 wolf simulacra (Lair:2)
  2 hound zombies
  11 gnolls
  A howler monkey zombie (D:8)
  9 adders
  2 white imps (D:7)
  4 worms
  2 dart slugs (D:1)
  15 orcs
  4 bat skeletons (D:3)
  A bat zombie (D:3)
  4 endoplasms
  4 giant cockroaches
  11 hobgoblins
  2 jackals (D:4)
  3 quokkas
  13 ball pythons
  3 bats
  3 frilled lizards
  6 goblins
  13 kobolds
  9 rats
224 creatures vanquished.

Vanquished Creatures (collateral kills)
  A hydra (Lair:2)
  A black mamba (Lair:2)
  A cane toad (Lair:2)
  3 blink frogs (Lair:2)
  A wraith (D:6)
  8 yaks
  The ghost of polve the Slasher, an amateur DsAK of Lugonu (D:4)
  An ogre (D:4)
  A kobold brigand (Sewer)
  A bullfrog (Lair:2)
  A water moccasin zombie (D:4)
  4 orc wizards (D:5)
  A gnoll (D:3)
  3 adders
  7 orcs (D:5)
  A giant cockroach (Sewer)
  3 kobolds (Sewer)
  3 ball pythons
42 creatures vanquished.

Vanquished Creatures (others)
  9 fungi
  13 plants
22 creatures vanquished.

Grand Total: 288 creatures vanquished

Notes
Turn   | Place    | Note
-------+----------+-------------------------------------------
     0 | Abyss:1  | polve the Demonspawn Abyssal Knight began the quest for the
                  | Orb.
     0 | Abyss:1  | Reached XP level 1. HP: 18/18 MP: 2/2
   107 | Abyss:1  | Noticed a blink frog
   108 | D:1      | Escaped the Abyss
   363 | D:1      | Gained mutation: A weak demonic guardian rushes to your
                  | aid. [demonic ancestry]
   363 | D:1      | Reached XP level 2. HP: 17/24 MP: 3/3
   697 | D:1      | Reached * piety under Lugonu
  1107 | D:1      | Reached XP level 3. HP: 8/29 MP: 4/4
  1571 | D:2      | Found Icesch's Book Boutique.
  1815 | D:2      | Gained mutation: Your mind is acute. (Int +2) [potion of
                  | mutation]
  1815 | D:2      | Gained mutation: You possess an exceptional clarity of
                  | mind. [potion of mutation]
  1815 | D:2      | Gained mutation: You have a pair of small horns on your
                  | head. [potion of mutation]
  1815 | D:2      | Gained mutation: You have sharp toenails. [potion of
                  | mutation]
  2321 | D:2      | Found an ornate altar of the Wu Jian Council.
  3051 | D:3      | Found a glowing drain.
  3062 | Sewer    | Entered a sewer
  3090 | Sewer    | Gained mutation: A demonic guardian rushes to your aid.
                  | [demonic ancestry]
  3090 | Sewer    | Reached XP level 4. HP: 29/35 MP: 5/5
  3367 | Sewer    | Reached ** piety under Lugonu
  3376 | Sewer    | Noticed a kobold brigand
  3387 | Sewer    | Killed a kobold brigand
  3388 | Sewer    | Reached XP level 5. HP: 18/41 MP: 6/6
  3632 | Sewer    | Reached skill level 5 in Long Blades
  3884 | D:3      | Found a hide-covered altar of Uskayaw.
  4504 | D:3      | Reached XP level 6. HP: 39/47 MP: 7/7
  4678 | D:3      | Found an ancient bone altar of Kikubaaqudgha.
  5563 | D:4      | Reached *** piety under Lugonu
  5987 | D:4      | Reached skill level 1 in Dodging
  5987 | D:4      | Gained mutation: You regenerate a little health from kills.
                  | [demonic ancestry]
  5987 | D:4      | Reached XP level 7. HP: 35/52 MP: 7/9
  6130 | D:4      | Found a sparkling altar of Nemelex Xobeh.
  6248 | D:4      | Found an opulent altar of Gozag.
  6878 | D:4      | Found a runed translucent gate.
  6878 | D:4      | Found a runed translucent gate.
  6878 | D:4      | Found a runed translucent gate.
  6878 | D:4      | Noticed polve's ghost (amateur DsAK)
  6880 | D:4      | Found a basalt altar of Yredelemnul.
  7039 | D:4      | Killed polve's ghost
  7344 | D:5      | Entered Level 5 of the Dungeon
  7353 | D:5      | Noticed Blork the orc
  7839 | D:4      | Gained mutation: You regenerate health from kills. [demonic
                  | ancestry]
  7839 | D:4      | Reached XP level 8. HP: 13/60 MP: 11/11
  8379 | D:5      | Identified the ring "Koachent" {Wiz Will+ Dex+3}
  8507 | D:5      | Reached skill level 5 in Invocations
  8509 | D:5      | Reached **** piety under Lugonu
  8698 | D:5      | Killed Blork the orc
  8812 | D:5      | Found a snail-covered altar of Cheibriados.
  8911 | D:5      | Found a shadowy altar of Dithmenos.
  9074 | D:6      | Reached skill level 5 in Fighting
  9404 | D:6      | Identified the +5 long sword of Taxation {flame, Str+4
                  | Int+4}
  9465 | D:6      | Found a broken altar of Ashenzari.
  9494 | D:6      | Identified the +0 ring mail of Yzixukhlo {rElec rF++}
  9847 | D:7      | Found a shimmering altar of Xom.
  9853 | D:7      | Found a staircase to the Ecumenical Temple.
  9859 | D:7      | Mutation became permanent: You have sharp toenails.
                  | [demonic ancestry]
  9859 | D:7      | Gained mutation: You have sharp toenails. [demonic
                  | ancestry]
  9859 | D:7      | Reached XP level 9. HP: 66/68 MP: 13/13
 10027 | D:3      | Lost mutation: You have a pair of small horns on your head.
                  | [potion of mutation]
 10027 | D:3      | Lost mutation: Your mind is acute. (Int +2) [potion of
                  | mutation]
 10027 | D:3      | Lost mutation: You possess an exceptional clarity of mind.
                  | [potion of mutation]
 10027 | D:3      | Gained mutation: Your flesh is cold resistant. (rC+)
                  | [potion of mutation]
 10027 | D:3      | Gained mutation: You possess an exceptional clarity of
                  | mind. [potion of mutation]
 11120 | D:8      | Found a staircase to the Lair.
 11368 | D:8      | Reached skill level 5 in Armour
 11605 | D:8      | Reached skill level 5 in Dodging
 12558 | D:8      | Gained mutation: You regenerate a lot of health from kills.
                  | [demonic ancestry]
 12558 | D:8      | Reached XP level 10. HP: 81/81 MP: 16/16
 12822 | Lair:1   | Entered Level 1 of the Lair of Beasts
 12834 | Lair:1   | Noticed an eight-headed hydra
 13120 | Lair:1   | Killed a one-headed hydra
 13133 | D:8      | Reached skill level 10 in Fighting
 14260 | Lair:1   | Identified a scroll of acquirement
 14267 | Lair:1   | Acquired a +0 demon blade of venom
 14297 | Lair:2   | Noticed a black mamba
 14308 | Lair:1   | Killed a black mamba
 14501 | Lair:2   | Reached skill level 1 in Stealth
 14519 | Lair:2   | Noticed a cane toad
 14520 | Lair:2   | Noticed a cane toad
 14531 | Lair:2   | Noticed a five-headed hydra
 14554 | Lair:2   | Killed a cane toad
 14557 | Lair:2   | Gained mutation: You have razor-sharp toenails. [demonic
                  | ancestry]
 14557 | Lair:2   | Reached XP level 11. HP: 61/91 MP: 17/17
 14562 | Lair:2   | Killed a three-headed hydra
 14640 | Lair:2   | Reached ***** piety under Lugonu
 14857 | Lair:2   | Noticed a necromancer
 14871 | Lair:2   | Killed a necromancer
 15007 | Lair:2   | Reached skill level 10 in Long Blades
 15403 | Lair:2   | Reached skill level 5 in Stealth
 15831 | Lair:3   | Noticed a boulder beetle
 15865 | Lair:3   | Slain by a wyvern

Illustrated notes

Levels and vault maps discovered:
D:1:      dpeg_arrival_short_road, layout_loops_ring
D:2:      layout_loops_corners, general_overflow_altar, serial_shops,
          nicolae_shop_statue_plus, minmay_tromino_i2
D:3:      layout_loops_corners, nicolae_overflow_hidden_temple,
          kennysheep_vampire_church, cheibrodos_sewer_entry_drain,
          minmay_snake_closets
D:4:      layout_basic, nicolae_gozag_seed_capital,
          nicolae_yredelemnul_ghost_church, nemelex_xobeh_ov_fountains_minmay
D:5:      layout_rooms, kennysheep_little_box, old_standard_altar, slow_altar_2,
          serial_curves, eino_curves_03, eino_curves_03, eino_curves_04,
          eino_curves_02, uniq_blork_the_orc
D:6:      layout_rooms, kennysheep_mini_moat
D:7:      layout_basic, xom_butterflies, minmay_temple_entry_proselytizer
D:8:      layout_loops_corners, dpeg_oklobed_lair
D:9:      layout_rooms, serial_shops, nicolae_shop_waterfront,
          nicolae_blasting_shop
Lair:1:   layout_regular_city, grunt_megastairs_5, infiniplex_staircase_pool_2
Lair:2:   layout_misc_corridors, eino_house_with_fridge
Lair:3:   lemuel_slime, layout_loops_ring, dummy_snake_entry,
          chequers_serial_rivers_room_b, nzn_sisyphean_effort

Skill      XL: |  1  2  3  4  5  6  7  8  9 10 11 |
---------------+----------------------------------+-----
Long Blades    | 2 3 4 5 6 9 10 | 10.8
Armour         | 2 3 4 5 |  5.3
Dodging        | 1 2 4 5 |  5.1
Invocations    | 4 6 8 |  8.0
Fighting       | 4 5 8 10 | 10.2
Stealth        | 1 5 |  5.0

Action                   |  1- 3 |  4- 6 |  7- 9 | 10-12 || total
-------------------------+-------+-------+-------+-------++-------
Melee: Falchion          |   111 |   147 |   234 |       ||   492
       Kick              |    10 |    37 |   112 |   125 ||   284
       Headbutt          |     5 |    27 |    63 |       ||    95
       Long sword        |       |       |   114 |   285 ||   399
Invok: Depart the Abyss  |     1 |       |       |       ||     1
       Bend Space        |       |       |       |     5 ||     5
       Banish            |       |       |       |     1 ||     1
  Use: Potion            |     4 |     4 |     7 |     7 ||    22
       Scroll            |       |       |       |    12 ||    12
 Stab: Sleeping          |       |     2 |       |       ||     2
       Distracted        |       |       |     1 |     1 ||     2
Armor: Leather armour    |    24 |    51 |    17 |       ||    92
       Plate armour      |       |       |    76 |   186 ||   262
       Ring mail         |       |       |    25 |       ||    25
Dodge: Dodged            |    58 |   115 |   158 |   119 ||   450
       Rpst.: Falchion   |    13 |    39 |    29 |       ||    81
       Long sword        |       |       |    11 |    39 ||    50

Table legend: (Time is in decaauts)
 A = Elapsed time spent in this place.
 B = Non-inter-level travel time spent in this place.
 C = Inter-level travel time spent in this place.
 D = Time resting spent in this place.
 E = Time spent auto-exploring this place.
 F = Levels seen in this place.
 G = Mean time per level.
                   A        B        C        D        E       F      G
               +--------+--------+--------+--------+--------+-----+--------+
         Total |  15932 |  15036 |    896 |      2 |  12979 |  14 | 1138.0 |
       Dungeon |  12511 |  11668 |    843 |      0 |  10259 |   9 | 1390.1 |
          Lair |   2557 |   2504 |     53 |      2 |   1978 |   3 |  852.3 |
         Abyss |    108 |    108 |      0 |      0 |    105 |   1 |  108.0 |
         Sewer |    754 |    754 |      0 |      0 |    637 |   1 |  754.0 |
               +--------+--------+--------+--------+--------+-----+--------+

Top non-repeatable levels by time:
     D:3: 2506 daAuts
     D:4: 2363 daAuts
     D:8: 1769 daAuts
     D:1: 1444 daAuts
     D:7: 1314 daAuts
  Lair:2: 1296 daAuts
  Lair:1: 1168 daAuts
     D:2: 1138 daAuts
     D:6: 1039 daAuts
     D:5: 929 daAuts
   Sewer: 754 daAuts
 Abyss:1: 108 daAuts
  Lair:3: 93 daAuts
     D:9: 6 daAuts
